 Dungeon Crawl Stone Soup version 0.31-a0-435-g2c6fae2916 (webtiles) character file.

Game seed: 10643731694379763702

5692 bmack86 the Severer (level 10, -8/77 HPs)
             Began as a Minotaur Fighter on Aug 1, 2023.
             Was an Initiate of Gozag.
             Mangled by a sixfirhy (11 damage)
             ... summoned by a kobold demonologist
             ... on level 9 of the Dungeon.
             The game lasted 00:16:54 (8800 turns).

bmack86 the Severer (Minotaur Fighter)              Turns: 8800, Time: 00:16:55

Health: -8/77      AC:  5    Str: 25    XL:     10   Next: 47%
Magic:  18/18      EV:  8    Int:  5    God:    Gozag
Gold:   1574       SH:  4    Dex: 10    Spells: 9/9 levels left

rFire   + . .        a - +1 war axe (freeze)
rCold   . . .        c - +0 buckler
rNeg    . . .        B - +1 chain mail
rPois   .            (helmet restricted)
rElec   .            (no cloak)
rCorr   .            (no gloves)
SInv    .            D - +2 pair of boots
Will    .....        (no amulet) Stlth
                     l - ring of protection from fire
HPRegen 0.32/turn    J - ring of magical power
MPRegen 0.16/turn

%: no passive effects
@: corroded
A: horns 2, retaliatory headbutt
a: Renounce Religion, Potion Petition, Call Merchant, Bribe Branch


You were on level 9 of the Dungeon.
You worshipped Gozag.
Gozag was most pleased with you.
You visited 2 branches of the dungeon, and saw 10 of its levels.
You also visited: Ossuary.

You collected 1619 gold pieces.
You paid 45 gold pieces to Gozag.

Inventory:

Hand Weapons
 a - a +1 war axe of freezing (weapon)
 t - a +3 hand axe of freezing
Missiles
 o - 10 curare-tipped darts
 r - 11 javelins
 x - 7 boomerangs
 y - a throwing net
Armour
 b - a +0 scale mail
 c - a +0 buckler (worn)
 B - a +1 chain mail (worn)
 D - a +2 pair of boots (worn)
 L - a +0 pair of gloves
Jewellery
 l - a ring of protection from fire (left hand)
 p - an amulet of faith
 w - a ring of wizardry
 J - a ring of magical power (right hand)
 M - a ring of positive energy
Wands
 v - a wand of paralysis (8)
 z - a wand of roots (11)
 A - a wand of flame (42) (quivered)
 K - a wand of mindburst (6)
Scrolls
 g - 8 scrolls of teleportation
 j - 3 scrolls of poison
 k - a scroll of fog
 m - 2 scrolls of enchant armour
 H - 4 scrolls of amnesia
 I - a scroll of immolation {unknown}
Potions
 d - a potion of might
 e - a potion of invisibility {unknown}
 f - 4 potions of berserk rage
 h - 3 potions of cancellation
 i - 2 potions of mutation
 n - 3 potions of brilliance
 q - 6 potions of curing
 s - 2 potions of degeneration {unknown}
 u - a potion of attraction {unknown}
 C - 4 potions of heal wounds
 E - a potion of enlightenment {unknown}
 F - 2 potions of ambrosia
 G - 2 potions of haste {unknown}


   Skills:
 - Level 3.6 Fighting
 + Level 18.3 Axes
 - Level 3.6 Armour
 - Level 3.6 Shields


You had 9 spell levels left.
You didn't know any spells.
Your spell library contained the following spells:

 Spells                   Type           Power      Damage    Failure   Level
 Summon Small Mammal      Summ           0%         N/A       98%         1
 Blink                    Tloc           0%         N/A       99%         2
 Poisonous Vapours        Pois/Air       0%         N/A       99%         2
 Scorch                   Fire           0%         2d5       99%         2
 Call Canine Familiar     Summ           0%         N/A       100%        3
 Mephitic Cloud           Conj/Pois/Air  0%         N/A       100%        3
 Portal Projectile        Hex/Tloc       0%         N/A       100%        3
 Summon Guardian Golem    Hex/Summ       0%         N/A       100%        3
 Tukima's Dance           Hex            0%         N/A       100%        3
 Flame Wave               Conj/Fire      0%         2d4       100%        4
 Iskenderun's Mystic Bla  Conj/Tloc      0%         2d3       100%        4
 Manifold Assault         Tloc           0%         N/A       100%        4
 Olgreb's Toxic Radiance  Pois           0%         N/A       100%        4
 Freezing Cloud           Conj/Ice/Air   0%         6-21      100%        5
 Summon Cactus Giant      Summ           0%         N/A       100%        6
 Discord                  Hex            0%         N/A       100%        8
 Ignition                 Fire           0%         3d3       100%        8


Dungeon Overview and Level Annotations

Branches:
Dungeon (9/15)             Temple (1/1) D:7            Lair (0/5) D:9
    Orc (0/2) D:9         Ossuary (visited)

Altars:
Ashenzari
Cheibriados
Dithmenos
Elyvilon
Fedhas
Gozag
Hepliaklqana
Kikubaaqudgha
Makhleb
Nemelex Xobeh
Okawaru
Qazlal
Ru
Sif Muna
Trog
Uskayaw
Vehumet
Wu Jian
Xom
Yredelemnul
The Shining One

Shops:
D:5 (:(   D:9 :

Annotations:
D:5 2 transporters, HilariousDeathArtist's ghost, novice DrSu


Innate Abilities, Weirdness & Mutations

You have a pair of horns on your head.
You reflexively headbutt those who attack you in melee.


Message History

You barely miss the kobold demonologist.
The kobold demonologist is heavily wounded.
You slash the iron imp! You freeze the iron imp. You miss the sixfirhy.
The soul eater is no longer distracted by gold.
The rust devil disappears in a puff of smoke!
You hit the kobold demonologist. You freeze the kobold demonologist.
Your headbutt misses the kobold demonologist.
The kobold demonologist is heavily wounded.
You hit the sixfirhy. You freeze the sixfirhy. You slash the iron imp!
You freeze the iron imp.
You kill the iron imp!
The iron imp disappears in a puff of smoke!
The sixfirhy hits you but does no damage.
The kobold demonologist gestures wildly while chanting.
The kobold demonologist casts a spell.
The sixfirhy barely misses you. You furiously retaliate!
You headbutt the sixfirhy, but do no damage.
You hit the kobold demonologist but do no damage.
The kobold demonologist is heavily wounded.
You miss the sixfirhy. You closely miss the crimson imp.
You barely miss the rust devil. The sixfirhy barely misses you.
The sixfirhy hits you! The sixfirhy shocks you!
* * * LOW HITPOINT WARNING * * *
The sixfirhy hits you!
* * * LOW HITPOINT WARNING * * *
The sixfirhy shocks you!
* * * LOW HITPOINT WARNING * * *
The rust devil hits you. The rust devil corrodes you!
The soul eater draws from the surrounding life force!
* * * LOW HITPOINT WARNING * * *
Unknown command.
You hit the kobold demonologist but do no damage.
Your headbutt misses the kobold demonologist.
You completely miss the crimson imp. You hit the quasit but do no damage.
You hit the rust devil. You freeze the rust devil. You miss the sixfirhy.
You hit the kobold demonologist. You freeze the kobold demonologist.
The sixfirhy hits you but does no damage.
The sixfirhy hits you!
You die...
Your body crumbles into a pile of gold.

##### #...# #}..#
########...###
#.ยงยงยง.#......
#..4K.#....#
...##KK@###...##
..35..355......#########
....5.$:###.............
#######.# #.......######
..# #.........#### ...#
#####.###..... ....# #.#
####.# .....#######.##
#.#
...............#####.#


You could see a soul eater (summoned), a rust devil (summoned), 2 kobold
demonologists, a sixfirhy (summoned), a quasit (summoned), a crimson imp
(summoned), a white imp (summoned), a shadow imp (summoned) and a kobold.

Vanquished Creatures
  A kobold demonologist (D:9)
  Maggie (D:6)
  A troll (D:9)
  Grinder (D:6)
  Sigmund (D:3)
  11 yaks
  A water moccasin (D:6)
  4 orc warriors
  3 black bears
  3 ogres
  5 bullfrogs
  6 kobold brigands
  A scorpion (D:9)
  4 water moccasin zombies (Ossuary)
  3 wights (D:7)
  3 killer bees (D:8)
  2 howler monkeys (D:9)
  3 hounds
  A jelly (D:5)
  2 sleepcaps (D:4)
  5 iguanas
  4 orc wizards
  2 mummies (Ossuary)
  4 adders
  A white imp (D:8)
  4 adder zombies (Ossuary)
  A worm (D:2)
  30 orcs
  8 ball pythons
  8 endoplasms
  3 giant cockroaches
  7 goblins
  8 hobgoblins
  18 jackals
  5 quokkas
  5 bats
  A frilled lizard (D:1)
  2 gnoll zombies (Ossuary)
  3 hobgoblin zombies (Ossuary)
  27 kobolds
  5 kobold zombies (Ossuary)
  2 orc zombies (Ossuary)
  8 rats
218 creatures vanquished.

Notes
Turn   | Place    | Note
-------+----------+-------------------------------------------
     0 | D:1      | bmack86 the Minotaur Fighter began the quest for the Orb.
     0 | D:1      | Reached XP level 1. HP: 19/19 MP: 0/0
   125 | D:1      | Reached skill level 3 in Axes
   142 | D:1      | Reached XP level 2. HP: 22/26 MP: 1/1
   352 | D:1      | Reached skill level 4 in Axes
   665 | D:1      | Reached XP level 3. HP: 25/31 MP: 2/2
   970 | D:2      | Reached skill level 5 in Axes
  1036 | D:2      | Reached XP level 4. HP: 34/39 MP: 3/3
  1495 | D:3      | Found an ornate altar of the Wu Jian Council.
  1569 | D:3      | Found an opulent altar of Gozag.
  1584 | D:3      | Became a worshipper of Gozag Ym Sagoz the Greedy
  1636 | D:3      | Reached skill level 6 in Axes
  1723 | D:3      | Reached XP level 5. HP: 22/45 MP: 4/4
  1882 | D:3      | Noticed Sigmund
  1900 | D:3      | Killed Sigmund
  1901 | D:3      | Reached skill level 8 in Axes
  1901 | D:3      | Reached XP level 6. HP: 39/51 MP: 5/5
  2663 | D:4      | Reached skill level 9 in Axes
  2870 | D:4      | Reached XP level 7. HP: 52/57 MP: 6/6
  3088 | D:5      | Entered Level 5 of the Dungeon
  3114 | D:5      | Found a shimmering blue altar of Sif Muna.
  3161 | D:5      | Found Rimemuz's Book Boutique.
  3176 | D:5      | Found a blossoming altar of Fedhas.
  3255 | D:5      | Found a shadowy altar of Dithmenos.
  3307 | D:5      | Found Meessan's Antique Weapon Emporium.
  3330 | D:5      | Reached skill level 10 in Axes
  3382 | D:5      | Noticed a yak
  3383 | D:5      | Noticed a yak
  3384 | D:5      | Noticed a yak
  3391 | D:5      | Killed a yak
  3395 | D:5      | Killed a yak
  3395 | D:5      | HP: 2/57 [yak (5)]
  3396 | D:5      | Reached skill level 11 in Axes
  3396 | D:5      | Killed a yak
  3397 | D:5      | Reached XP level 8. HP: 3/64 MP: 7/7
  3606 | D:5      | Found a glowing golden altar of the Shining One.
  3638 | D:5      | Found Xuor's Weapon Shoppe.
  3792 | D:5      | Noticed a hornet
  3799 | D:5      | Found a transporter.
  3799 | D:5      | Noticed HilariousDeathArtist's ghost (novice DrSu)
  3804 | D:5      | Found a transporter.
  3917 | D:6      | Reached skill level 12 in Axes
  4045 | D:6      | Found a hazy altar of Hepliaklqana.
  4729 | D:6      | Noticed Grinder
  4731 | D:6      | Noticed Maggie
  4748 | D:6      | Killed Grinder
  4749 | D:6      | Reached skill level 13 in Axes
  4756 | D:6      | Killed Maggie
  4915 | D:6      | Found a hide-covered altar of Uskayaw.
  4921 | D:6      | Reached skill level 14 in Axes
  4921 | D:6      | Reached XP level 9. HP: 47/70 MP: 8/8
  5797 | D:7      | Identified the +0 scale mail "Uvodoerph" {rElec rF+}
  5819 | D:7      | Found a sand-covered staircase.
  5841 | Ossuary  | Entered an ossuary
  5949 | Ossuary  | Reached skill level 15 in Axes
  6241 | D:7      | Found a staircase to the Ecumenical Temple.
  6257 | Temple   | Entered the Ecumenical Temple
  7315 | D:8      | Reached skill level 16 in Axes
  7546 | D:8      | Found a stormy altar of Qazlal.
  7635 | D:8      | Reached XP level 10. HP: 24/77 MP: 9/9
  7978 | D:9      | Found Gebbenli's Vocational Training.
  8048 | D:9      | Found a white marble altar of Elyvilon.
  8085 | D:9      | Reached skill level 17 in Axes
  8325 | D:9      | Found an iron altar of Okawaru.
  8388 | D:9      | Found a burning altar of Makhleb.
  8492 | D:9      | Found a staircase to the Orcish Mines.
  8664 | D:9      | Reached skill level 18 in Axes
  8669 | D:9      | Found a staircase to the Lair.
  8774 | D:9      | Found a sparkling altar of Nemelex Xobeh.
  8779 | D:9      | Noticed a rust devil
  8782 | D:9      | Noticed a soul eater
  8784 | D:9      | Noticed a sixfirhy
  8792 | D:9      | Noticed a rust devil
  8799 | D:9      | HP: 2/77 [soul eater[a kobold demonologist] (3)]
  8800 | D:9      | Mangled by a sixfirhy

Illustrated notes

Levels and vault maps discovered:
D:1:      psy_arrival_conway, layout_loops_cross, minmay_crystal_room,
          minmay_tetromino_s2
D:2:      layout_rooms
D:3:      layout_basic, nzn_wu_jian_council_hall, lemuel_doored_altar,
          uniq_sigmund
D:4:      layout_loops_cross
D:5:      layout_rooms, nicolae_dithmenos_the_darkroom, kennysheep_little_box,
          nicolae_tso_carved_into_rock, amcnicky_altar_gilded,
          gammafunk_ghost_hive, serial_shops, shop,
          nicolae_shop_tiny_waterfront, nicolae_book_shop_shelving
D:6:      nicolae_cairo_tiling_large_dashed, layout_layer_cave,
          nicolae_uskayaw_dance_studio, nicolae_hepliaklqana_hazy_memory,
          uniq_maggie, uniq_grinder
D:7:      layout_basic, minmay_temple_entry_butterflies,
          lightli_ossuary_entry_decrepit_ruins
D:8:      layout_cave_pods, grunt_qazlal_clouds
D:9:      layout_rooms, mainiacjoe_overflow_paths, mainiacjoe_overflow_alcove_1,
          mainiacjoe_overflow_catch_the_wave, grunt_lair_entry_orc_guard_hut,
          nicolae_shop_vocational
Temple:   nicolae_temple_two_arcs

Skill      XL: |  1  2  3  4  5  6  7  8  9 10 |
---------------+-------------------------------+-----
Axes           | 3 4 5 6 8 9 11 14 16 18 | 18.3
Fighting       | |  3.6
Armour         | |  3.6
Shields        | |  3.6

Action                     |  1- 3 |  4- 6 |  7- 9 | 10-12 || total
---------------------------+-------+-------+-------+-------++-------
  Melee: War axe           |    86 |   136 |   200 |    83 ||   505
         Headbutt          |     7 |    22 |    32 |    10 ||    71
  Throw: Javelin           |       |     3 |       |       ||     3
  Evoke: Wand              |       |       |     5 |       ||     5
    Use: Potion            |       |       |     2 |       ||     2
         Scroll            |       |       |    16 |     1 ||    17
   Stab: Distracted        |       |       |     2 |       ||     2
 Armour: Scale mail        |    65 |    53 |     5 |       ||   123
         Chain mail        |       |       |    59 |    52 ||   111
  Dodge: Dodged            |    51 |    54 |    65 |    27 ||   197
  Block: Buckler           |    29 |    26 |    26 |    11 ||    92

Table legend: (Time is in decaauts)
 A = Elapsed time spent in this place.
 B = Non-inter-level travel time spent in this place.
 C = Inter-level travel time spent in this place.
 D = Time resting spent in this place.
 E = Time spent auto-exploring this place.
 F = Levels seen in this place.
 G = Mean time per level.
                   A        B        C        D        E       F      G
               +--------+--------+--------+--------+--------+-----+--------+
         Total |   8810 |   8599 |    211 |    324 |   6101 |  11 |  800.9 |
       Dungeon |   8623 |   8412 |    211 |    324 |   6101 |   9 |  958.1 |
        Temple |      1 |      1 |      0 |      0 |      0 |   1 |    1.0 |
       Ossuary |    185 |    185 |      0 |      0 |      0 |   1 |  185.0 |
               +--------+--------+--------+--------+--------+-----+--------+

Top non-repeatable levels by time:
     D:6: 1717 daAuts
     D:7: 1169 daAuts
     D:8: 991 daAuts
     D:4: 947 daAuts
     D:1: 874 daAuts
     D:3: 836 daAuts
     D:9: 806 daAuts
     D:5: 795 daAuts
     D:2: 485 daAuts
 Ossuary: 185 daAuts
  Temple: 1 daAuts
